 Dungeon Crawl Stone Soup version 0.29-a0-885-gb26ba3297d (webtiles) character file.

Game seed: 3055780685188234138

250 Nato the Conjurer (level 6, 0/36 HPs)
             Began as an Octopode Conjurer on July 20, 2022.
             Was an Initiate of Gozag.
             Slain by an ufetubus (5 damage)
             ... on level 5 of the Dungeon.
             The game lasted 00:12:24 (2866 turns).

Nato the Conjurer (Octopode Conjurer)               Turns: 2866, Time: 00:12:25

Health: 0/36       AC:  1    Str:  6    XL:     6   Next: 13%
Magic:  2/13       EV: 13    Int: 29    God:    Gozag
Gold:   304        SH:  0    Dex: 10    Spells: 10/15 levels left

rFire   . . .      SeeInvis .   m - +1 sling (flame)
rCold   . . .      Faith    .   (no shield)
rNeg    . . .      Spirit   .   (helmet restricted)
rPois   .          Reflect  .   (no amulet)
rElec   .          Harm     .   c - +6 ring of intelligence
rCorr   .          Rampage  .   b - ring of wizardry
Will    .....                   (no ring)
Stlth   ++........              (no ring)
HPRegen 0.12/turn               (no ring)
MPRegen 0.13/turn               (no ring)
                                (no ring)
                                (no ring)

@: confused, gold aura
A: almost no armour, amphibious, 8 rings, camouflage 1, gelatinous body 1,
(nimble swimmer 1), tentacles
a: Renounce Religion, Potion Petition, Call Merchant, Bribe Branch


You were on level 5 of the Dungeon.
You worshipped Gozag.
Gozag was aware of your devotion.
You visited 1 branch of the dungeon, and saw 5 of its levels.

You collected 343 gold pieces.
You paid 39 gold pieces to Gozag.

Inventory:

Hand Weapons
 m - a +1 sling of flaming (weapon)
Jewellery
 b - a ring of wizardry (right tentacle)
 c - a +6 ring of intelligence (left tentacle)
Wands
 p - a wand of roots (8)
Scrolls
 d - a scroll of identify {unknown}
 h - 2 scrolls of vulnerability {unknown}
 j - 2 scrolls of fog {unknown}
 k - a scroll of teleportation {unknown}
 n - a scroll of enchant armour {unknown}
 o - a scroll of amnesia {unknown}
Potions
 a - a potion of magic
 e - a potion of might {unknown}
 f - 4 potions of curing {unknown}
 g - 3 potions of brilliance {unknown}
 i - a potion of lignification {unknown}
 l - a potion of attraction {unknown}


   Skills:
 - Level 2.0 Dodging
 - Level 2.6 Stealth
 - Level 5.0 Spellcasting
 + Level 5.1 Conjurations


You had 10 spell levels left.
You knew the following spells:

 Your Spells              Type           Power      Damage    Failure   Level
a - Magic Dart            Conj           100%       1d8       1%          1
b - Iskenderun's Mystic   Conj/Tloc      22%        2d6       9%          4

Your spell library contained the following spells:

 Spells                   Type           Power      Damage    Failure   Level
 Searing Ray              Conj           72%        2d7       1%          2
 Dazzling Flash           Conj/Hex       44%        N/A       2%          3
 Fulminant Prism          Conj/Hex       11%        3d9       9%          4
 Summon Lightning Spire   Summ/Air       7%         N/A       24%         4
 Storm Form               Tmut/Air       3%         N/A       100%        7
 Maxwell's Capacitive Co  Air            3%         ∞         100%        8


Dungeon Overview and Level Annotations

Branches:
Dungeon (5/15)
 Temple: D:4-7

Altars:
Gozag
Wu Jian

Portals:
Abyss: D:3

Annotations:
D:3 1 transporter, Snarg's ghost, amateur SpAM
D:5 Ijyb


Innate Abilities, Weirdness & Mutations

You cannot wear most types of armour.
You are amphibious.
You can wear up to eight rings at the same time.
Your skin changes colour to match your surroundings (Stealth+).
Your rubbery body absorbs attacks. (AC +1, EV +1)
((You are camouflaged when in or above water. (Stealth+)))
You have tentacles for arms and can constrict up to eight enemies at once.


Message History

Confirm with . or Enter, or press ? or * to list all spells.
Aiming: Magic Dart (safe; 1% risk of failure)
Press: ? - help, Shift-Dir - straight line, f/p - Ijyb
Aim: Ijyb, wielding a +0 dagger, wearing a +0 chain mail and carrying a wand of charming (8) (moderately wounded, 100% to hit)
The magic dart hits Ijyb but does no damage.
Ijyb is moderately wounded.
Ijyb hits you with a +0 dagger.
Aiming: Fastroot
Press: ? - help, Shift-Dir - straight line, p - Ijyb
Okay, then.
A giant cockroach comes into view.
Ijyb attacks as you move away! Ijyb closely misses you.
Ijyb zaps a wand.
Your will is overpowered!
You are confused.
A ball python comes into view.
A ball python comes into view.
An ufetubus comes into view.
The ufetubus shouts!
You hear an angry hiss.
Ijyb zaps a wand.
Your will is overpowered!
You are more confused.
You bump into the rock wall.
The ufetubus hits you. x2
The ufetubus attacks as you move away! The ufetubus closely misses you. x2
The ufetubus hits you. The ufetubus misses you.
Ijyb grins evilly.
The giant cockroach closely misses you.
You bump into the rock wall.
You hear the slow rusting of a drain nearby.
The ufetubus hits you. x2; The giant cockroach closely misses you.
You clumsily bash the giant cockroach but do no damage.
You squeeze the giant cockroach.
You kill the giant cockroach!
The ufetubus hits you.
* * * LOW HITPOINT WARNING * * *
The ufetubus completely misses you. The ufetubus hits you.
* * * LOW HITPOINT WARNING * * *
The ufetubus hits you.
* * * LOW HITPOINT WARNING * * *
The ball python is distracted by your dazzling golden aura.
You bump into the rock wall.
The ufetubus closely misses you. The ufetubus hits you.
You die...
Your body crumbles into a pile of gold.

.....##......# .#.# .#. #
....##......# ... ... #.
...##......#####.####.# ..
..##...)..?..........# #. #.#
#.##.#.(.........#
#..#####.###..#.#...........#
#..........Sg...............#
#...........S5..............#
#....###.####@#.......).....#
...$.......#
#.#.............#
....#########
#....###...####.# .... ##?..#
#.#.# .# ..$ #........#.# .#
.$ #....#####.# .#
#....#####.####.#
#..>.##.........#
#.#..##.##.######


You could see Ijyb, an ufetubus and 2 ball pythons.

Vanquished Creatures
  An ogre (D:4)
  A necrophage (D:3)
  An iguana (D:5)
  3 adders
  2 worms
  3 orcs
  2 ball pythons
  5 bats
  6 endoplasms
  A giant cockroach (D:5)
  2 goblins
  5 hobgoblins
  2 jackals (D:3)
  4 kobolds
  3 quokkas
  5 frilled lizards
  4 rats
50 creatures vanquished.

Notes
Turn   | Place    | Note
-------+----------+-------------------------------------------
     0 | D:1      | Nato the Octopode Conjurer began the quest for the Orb.
     0 | D:1      | Reached XP level 1. HP: 11/11 MP: 3/3
   211 | D:1      | Found a faded altar of an unknown god.
   467 | D:1      | Reached XP level 2. HP: 17/17 MP: 2/5
   989 | D:2      | Found an opulent altar of Gozag.
   995 | D:2      | Became a worshipper of Gozag Ym Sagoz the Greedy
  1310 | D:2      | Reached XP level 3. HP: 21/21 MP: 3/7
  1959 | D:3      | Found an ornate altar of the Wu Jian Council.
  1962 | D:3      | Noticed a necrophage
  1990 | D:3      | Killed a necrophage
  1991 | D:3      | Reached XP level 4. HP: 27/27 MP: 1/10
  2141 | D:3      | Reached XP level 5. HP: 31/31 MP: 6/12
  2255 | D:3      | Found a transporter.
  2261 | D:3      | Found a one-way gate to the infinite horrors of the Abyss.
  2261 | D:3      | Noticed Snarg's ghost (amateur SpAM)
  2624 | D:4      | Noticed an ogre
  2640 | D:4      | Learned a level 4 spell: Iskenderun's Mystic Blast
  2649 | D:4      | Killed an ogre
  2650 | D:4      | Reached skill level 5 in Spellcasting
  2763 | D:5      | Entered Level 5 of the Dungeon
  2818 | D:5      | Reached XP level 6. HP: 36/36 MP: 11/13
  2823 | D:5      | Reached skill level 5 in Conjurations
  2840 | D:5      | Noticed Ijyb
  2866 | D:5      | Slain by an ufetubus

Illustrated notes

Levels and vault maps discovered:
D:1:      sevenhm_arrival_forest_fort_small_1, layout_basic,
          hellmonk_ecumenical_altar_pennies_from_heaven
D:2:      layout_loops_ring, basic_altar, chequers_serial_rivers_small_3,
          kennysheep_donut, minmay_unequal
D:3:      layout_basic, yredelemnul_forgotten_temple_becter,
          mainiacjoe_overflow_paths, general_overflow_altar,
          gammafunk_ghost_abyssal_escape
D:4:      layout_basic, serial_corexii_hall, corexii_hall_statues_s,
          corexii_hall_statues_l
D:5:      layout_basic, amcnicky_altar_gilded,
          mainiacjoe_overflow_six_doors_small, nicolae_uskayaw_en_pointe,
          portal_sewer_entry_b, uniq_ijyb

Skill      XL: |  1  2  3  4  5  6 |
---------------+-------------------+-----
Spellcasting   | 3 4 5 |  5.0
Conjurations   | 5 |  5.1
Dodging        | |  2.0
Stealth        | |  2.6

Action                   |  1- 3 |  4- 6 || total
-------------------------+-------+-------++-------
Melee: Sling             |       |     1 ||     1
       Tentacles         |       |     1 ||     1
 Fire: Sling             |     7 |       ||     7
 Cast: Magic Dart        |    68 |    52 ||   120
       Iskenderun's Myst |       |     2 ||     2
Armor: Skin              |     1 |       ||     1
Dodge: Dodged            |     1 |    12 ||    13

Table legend: (Time is in decaauts)
 A = Elapsed time spent in this place.
 B = Non-inter-level travel time spent in this place.
 C = Inter-level travel time spent in this place.
 D = Time resting spent in this place.
 E = Time spent auto-exploring this place.
 F = Levels seen in this place.
 G = Mean time per level.
                   A        B        C        D        E       F      G
               +--------+--------+--------+--------+--------+-----+--------+
         Total |   2866 |   2420 |    446 |    543 |   1282 |   5 |  573.2 |
       Dungeon |   2866 |   2420 |    446 |    543 |   1282 |   5 |  573.2 |
               +--------+--------+--------+--------+--------+-----+--------+

Top non-repeatable levels by time:
     D:1: 1113 daAuts
     D:2: 769 daAuts
     D:3: 506 daAuts
     D:4: 373 daAuts
     D:5: 103 daAuts
